 Dungeon Crawl Stone Soup version 0.29-a0-837-g174bc33265 (webtiles) character file.

Game seed: 4646410856988262752

30 Ijustatesigmund the Firebug (level 3, 0/26 HPs)
             Began as a Hill Orc Fire Elementalist on July 13, 2022.
             Succumbed to an adder's poison
             ... on level 2 of the Dungeon.
             The game lasted 00:01:39 (1135 turns).

Ijustatesigmund the Firebug (HOFE)                  Turns: 1135, Time: 00:01:39

Health: 0/26       AC:  2    Str: 10    XL:     3   Next: 18%
Magic:  0/6        EV: 12    Int: 17    God:
Gold:   37         SH:  0    Dex: 11    Spells: 3/6 levels left

rFire   . . .      SeeInvis .   g - +1 dagger (elec)
rCold   . . .      Faith    .   (no shield)
rNeg    . . .      Spirit   .   a - +0 robe
rPois   .          Reflect  .   (no helmet)
rElec   .          Harm     .   (no cloak)
rCorr   .          Rampage  .   (no gloves)
Will    .....                   (no boots)
Stlth   ++........              (no amulet)
HPRegen 0.08/turn               (no ring)
MPRegen 0.10/turn               (no ring)

@: lethally poisoned (0 -> -7)
A: no striking features
a: no special abilities


You were on level 2 of the Dungeon.
You visited 1 branch of the dungeon, and saw 2 of its levels.

You collected 37 gold pieces.

Inventory:

Hand Weapons
 g - a +1 dagger of electrocution (weapon)
Armour
 a - a +0 robe (worn)
Jewellery
 d - a ring of positive energy
Scrolls
 c - a scroll of fog
 e - a scroll of identify
Potions
 b - a potion of magic


   Skills:
 - Level 1.5 Dodging
 - Level 1.5 Stealth
 + Level 2.0 Spellcasting
 + Level 1.8 Conjurations
 + Level 3.8 Fire Magic


You had 3 spell levels left.
You knew the following spells:

 Your Spells              Type           Power      Damage    Failure   Level
a - Foxfire               Conj/Fire      44%        2x1d6     6%          1
b - Scorch                Fire           28%        2d6       6%          2

Your spell library contained the following spells:

 Spells                   Type           Power      Damage    Failure   Level
 Conjure Flame            Conj/Fire      11%        6-21      19%         3
 Inner Flame              Hex/Fire       8%         N/A       26%         3
 Flame Wave               Conj/Fire      11%        2d5       52%         4


Dungeon Overview and Level Annotations

Branches:
Dungeon (2/15)

Altars:


Message History

The foxfire hits the adder.
The adder is heavily wounded.
You barely miss the adder.
The adder is heavily wounded.
The adder bites you.
A hobgoblin comes into view.
You feel much better. The adder bites you. The adder barely misses you.
The kobold hits you with a +2 short sword of holy wrath.
You closely miss the adder.
The adder is heavily wounded.
The adder misses you. The kobold closely misses you.
You hit the adder.
The adder is almost dead.
The adder bites you.
You are poisoned.
The adder poisons you! The kobold closely misses you.
You closely miss the adder.
The adder is severely wounded.
You feel sick. The adder barely misses you. The adder bites you.
You are more poisoned.
The adder poisons you! The kobold closely misses you.
You hit the adder.
You kill the adder!
You feel very sick.
The kobold hits you with a +2 short sword of holy wrath.
* * * LOW HITPOINT WARNING * * *
Your Spellcasting skill increases to level 2!
You have reached level 3!
Your experience leads to an increase in your attributes!
Increase (S)trength, (I)ntelligence, or (D)exterity?
You feel clever. x2
Casting: Foxfire (safe; 6% risk of failure)
Confirm with . or Enter, or press ? or * to list all spells.
You conjure some foxfire!
* * * LOW HITPOINT WARNING * * *
You feel sick.
The foxfire hits the hobgoblin but does no damage.
The kobold hits you with a +2 short sword of holy wrath.
* * * LOW HITPOINT WARNING * * *
You die...

##.........
#..>.......
#..#######.
#...# #...###
#.>...#
#.#.#.#
#.#.#.####.#.
#.#.v@.......
#.#.gK####...
#......
........#.
..###)#.... .
..... ..
#..... ...
#.##.#. ...


You could see a hobgoblin and a kobold (ally target).

Vanquished Creatures
  An adder (D:2)
  An endoplasm (D:2)
  3 giant cockroaches
  3 goblins (D:1)
  2 hobgoblins (D:1)
  A quokka (D:1)
  3 bats (D:1)
  2 frilled lizards (D:1)
  A kobold (D:1)
  2 rats
19 creatures vanquished.

Vanquished Creatures (others)
  41 foxfires
41 creatures vanquished.

Grand Total: 60 creatures vanquished

Notes
Turn   | Place    | Note
-------+----------+-------------------------------------------
     0 | D:1      | Ijustatesigmund the Hill Orc Fire Elementalist began the
                  | quest for the Orb.
     0 | D:1      | Reached XP level 1. HP: 14/14 MP: 3/3
   230 | D:1      | Reached XP level 2. HP: 18/20 MP: 0/4
   276 | D:1      | Learned a level 2 spell: Scorch
   875 | D:1      | Found a faded altar of an unknown god.
  1134 | D:2      | Reached XP level 3. HP: 5/26 MP: 1/6
  1135 | D:2      | Succumbed to an adder's poison

Illustrated notes

Levels and vault maps discovered:
D:1:      minmay_arrival_diagonal_passages, layout_basic,
          shapermc_ecumenical_altar_notcrosses, st_stairs_6
D:2:      cheibrodos_fertilizer, layout_loops_ring, basic_altar

Skill      XL: |  1  2 |
---------------+-------+-----
Spellcasting   | 2 |  2.0
Dodging        | |  1.5
Stealth        | |  1.5
Conjurations   | |  1.8
Fire Magic     | |  3.8

Action                   || total
-------------------------++-------
Melee: Dagger            ||    14
       Unarmed           ||     5
 Cast: Foxfire           ||    30
       Scorch            ||     1
  Use: Scroll            ||     4
       Potion            ||     1
Armor: Robe              ||     3
Dodge: Dodged            ||    20

Table legend: (Time is in decaauts)
 A = Elapsed time spent in this place.
 B = Non-inter-level travel time spent in this place.
 C = Inter-level travel time spent in this place.
 D = Time resting spent in this place.
 E = Time spent auto-exploring this place.
 F = Levels seen in this place.
 G = Mean time per level.
                   A        B        C        D        E       F      G
               +--------+--------+--------+--------+--------+-----+--------+
         Total |   1134 |   1131 |      3 |    329 |    660 |   2 |  567.0 |
       Dungeon |   1134 |   1131 |      3 |    329 |    660 |   2 |  567.0 |
               +--------+--------+--------+--------+--------+-----+--------+

Top non-repeatable levels by time:
     D:1: 1015 daAuts
     D:2: 119 daAuts
